 Dungeon Crawl Stone Soup version 0.19-a0-1850-g63fd1ff (webtiles) character file.

116 Naow the Grave Robber (level 4, -1/30 HPs)
             Began as a Vampire Necromancer on Oct 10, 2016.
             Slain by a shadow imp (5 damage)
             ... summoned by Natasha
             ... on level 4 of the Dungeon.
             The game lasted 00:10:57 (3394 turns).

Naow the Grave Robber (Vampire Necromancer)         Turns: 3394, Time: 00:10:57

Health: -1/30      AC:  2    Str:  7    XL:     4   Next: 69%
Magic:  2/7        EV: 13    Int: 18    God:
Gold:   135        SH:  0    Dex: 14    Spells: 2 memorised, 5 levels left

rFire  . . .     SeeInvis +     (no weapon)
rCold  + . .     Gourm    .     a - +0 robe
rNeg   + + .     Faith    .     (no shield)
rPois  +         Spirit   .     (no helmet)
rElec  .         Dismiss  .     (no cloak)
rCorr  .         Reflect  .     (no gloves)
MR     .....     Harm     .     (no boots)
Stlth  +++.......               (no amulet)
                                (no ring)
                                (no ring)

@: regenerating slowly, slowed, very slow
A: fangs 3, see invisible, unbreathing
a: Bat Form


You were on level 4 of the Dungeon.
You were near bloodless.

You visited 2 branches of the dungeon, and saw 5 of its levels.

You collected 135 gold pieces.

Inventory:

Armour
 a - a +0 robe (worn)
Jewellery
 n - a cursed amulet of inaccuracy {unknown}
 q - an uncursed ring of resist corrosion {unknown}
Scrolls
 d - a scroll of magic mapping {unknown}
 e - a scroll of teleportation {unknown}
 f - a scroll of enchant weapon {unknown}
 g - 3 scrolls of identify {unknown}
 h - a scroll of immolation {unknown}
 i - a scroll of noise {unknown}
 k - a scroll of fog {unknown}
 l - 2 scrolls of remove curse {unknown}
 o - a scroll of amnesia {unknown}
 r - a scroll of fear {unknown}
Potions
 c - 12 potions of blood
 j - a potion of heal wounds {unknown}
 m - a potion of brilliance {unknown}
 p - a potion of mutation {unknown}
Books
 b - a book of Necromancy

   Spells                             Type                      Level
   a - Pain                           Necromancy                   1
   b - Animate Skeleton               Necromancy                   1
   c - Vampiric Draining              Necromancy                   3
   d - Regeneration                   Charms/Necromancy            3
   e - Animate Dead                   Necromancy                   4
   f - Control Undead                 Necromancy                   4


   Skills:
 - Level 2.3 Dodging
 - Level 3.4 Stealth
 - Level 2.2 Spellcasting
 + Level 6.4 Necromancy


You had 5 spell levels left.
You knew the following spells:

 Your Spells              Type           Power        Failure   Level  Hunger
a - Pain                  Necr           ####         1%          1    #......
b - Animate Skeleton      Necr           N/A          1%          1    #......


Dungeon Overview and Level Annotations

Branches:
Dungeon (4/15)             Temple (1/1) D:4

Altars:
Ashenzari
Cheibriados
Dithmenos
Elyvilon
Fedhas
Hepliaklqana
Makhleb
Qazlal
Sif Muna
Uskayaw
Vehumet
Xom
Yredelemnul
The Shining One

Annotations:
D:4 Natasha


Innate Abilities, Weirdness & Mutations

You heal slowly.
You have razor-sharp teeth.
You have supernaturally acute eyesight. (SInv)
You can survive without breathing.


Message History

Natasha claws you.
The crimson imp blinks!
The shadow imp gestures at you. Pain shoots through your body!
Natasha claws you.
The crimson imp laughs crazily.
The crimson imp blinks!
Natasha closely misses you. The shadow imp hits you.
Natasha casts a spell.
Natasha casts a spell at you. The magic dart hits you!
The shadow imp misses you.
The crimson imp shouts, "Slither hence, thou fawning sallow erk!"
Natasha stares at you and mumbles some strange words.
The magic dart hits you!
* * * LOW HITPOINT WARNING * * *
The crimson imp blinks!
The shadow imp gestures at you.
You are unaffected.
There is a stone staircase leading up here.
The shadow imp hits you.
You die...

#. ....... #.##.......
#..#..........####
#.####..####.........#
#>...(#.##...#.......#
#...#..>...# .......#
###.###....## #......#
#.......##..###......#
........@.....#......#
#.......5h%...#......# .
#.......5............#...
#.........5.........(..#
#.......ยง......##..#####
#..............#....#
###....#......##.##.#
#..###.........##... ...
#..........###..


You could see Natasha, 2 crimson imps and a shadow imp.

Vanquished Creatures
  An orc wizard (D:2)
  An adder (D:3)
  2 worms
  4 leopard geckos
  4 orcs
  2 bats (D:1)
  13 giant cockroaches
  7 goblins
  5 hobgoblins
  3 kobolds (D:2)
  4 quokkas
  2 frilled lizards
  6 rats
54 creatures vanquished.

Vanquished Creatures (collateral kills)
  An adder (D:3)
1 creature vanquished.

Grand Total: 55 creatures vanquished

Notes
Turn   | Place    | Note
-------+----------+-------------------------------------------
     0 | D:1      | Naow the Vampire Necromancer began the quest for the Orb.
     0 | D:1      | Reached XP level 1. HP: 13/13 MP: 3/3
   449 | D:1      | Reached XP level 2. HP: 16/19 MP: 0/5
  1028 | D:2      | Reached skill level 5 in Necromancy
  1033 | D:2      | Learned a level 1 spell: Animate Skeleton
  1060 | D:2      | Reached XP level 3. HP: 15/24 MP: 0/6
  1307 | D:2      | Found a white marble altar of Elyvilon.
  1921 | D:2      | Reached XP level 4. HP: 20/30 MP: 3/7
  2591 | D:3      | Reached skill level 6 in Necromancy
  3191 | D:4      | Found a staircase to the Ecumenical Temple.
  3206 | Temple   | Entered the Ecumenical Temple
  3375 | D:4      | Noticed Natasha
  3394 | D:4      | Slain by a shadow imp

Vault maps used:
D:1:      lightli_arrival_quake
D:2:      minmay_roachtagon, lemuel_coloured_pillars_altar
D:3:      first_bread, grunt_ministairs_15
D:4:      uniq_natasha, uniq_edmund, uniq_crazy_yiuf_cottage
Temple:   dshaligram_water_room_temple

Skill      XL: |  1  2  3  4 |
---------------+-------------+-----
Necromancy     | 5 6 |  6.4
Dodging        | |  2.3
Stealth        | |  3.4
Spellcasting   | |  2.2

Action                   |  1- 3 |  4- 6 || total
-------------------------+-------+-------++-------
Melee: Unarmed           |     6 |     4 ||    10
       Bite              |     1 |     1 ||     2
 Cast: Pain              |    62 |    49 ||   111
       Animate Skeleton  |       |     3 ||     3
  Use: Potion            |       |     2 ||     2
 Stab: Sleeping          |     1 |       ||     1
  Eat: Corpse            |       |     2 ||     2
Armor: Robe              |     3 |     3 ||     6
Dodge: Dodged            |    21 |     8 ||    29
